 Dungeon Sprint DCSS version 0.26-a0-663-g36e8fdb655 (webtiles) character file.

Game seed: 17671712266975260889

442 sahdkjhfkaj the Quickloader (level 6, 0/61 HPs)
             Began as a Minotaur Hunter on Oct 11, 2020.
             Was an Initiate of Okawaru.
             Slain by Sonja
             ... wielding a +2 short sword of draining
              (1 damage)
             ... in the Dungeon (Sprint I: "Red Sonja").
             The game lasted 00:01:23 (576 turns).

sahdkjhfkaj the Quickloader (Minotaur Hunter)        Turns: 576, Time: 00:01:23

Health: 0/61       AC:  7    Str: 18    XL:     6   Next: 71%
Magic:  5/5        EV: 12    Int:  8    God:    Okawaru [......]
Gold:   297        SH:  0    Dex: 11    Spells: 5/5 levels left

rFire    . . .     SeeInvis .   a - +1 hand crossbow
rCold    . . .     Faith    .   (no shield)
rNeg     . . .     Spirit   .   k - +0 scale mail
rPois    .         Reflect  .   (helmet restricted)
rElec    .         Harm     .   (no cloak)
rCorr    .         Rampage  .   (no gloves)
MR       .....     NoTele   +   (no boots)
Stlth    ..........             (no amulet)
HPRegen  0.20/turn              (no ring)
MPRegen  0.09/turn              (no ring)

@: lethally poisoned (0 -> -23), slowed, heavily drained, very slow
A: retaliatory headbutt, horns 2
a: Renounce Religion


You were in the Dungeon.
You worshipped Okawaru.
Okawaru was noncommittal.
You visited 1 branch You collected 297 gold pieces.

Inventory:

Hand Weapons
 a - a +1 hand crossbow (weapon)
 b - a +0 short sword
Missiles
 d - 10 bolts (quivered)
Armour
 k - a +0 scale mail (worn)
Scrolls
 c - a scroll of identify {unknown}
 j - a scroll of blinking
Potions
 e - a potion of curing
 g - a potion of haste
 h - 2 potions of magic
 i - a potion of berserk rage


   Skills:
 + Level 8.2(6.0) Fighting
 - Level 10.0(7.6) Crossbows
 + Level 7.7(5.5) Armour
 + Level 8.5(6.3) Dodging
 - Level 0.7(0.0) Stealth


You had 5 spell levels left.
You didn't know any spells.
Your spell library was empty.

Dungeon Overview and Level Annotations

Branches:
Dungeon (1/1)

Altars:
Cheibriados
Dithmenos
Elyvilon
Fedhas
Gozag
Hepliaklqana
Kikubaaqudgha
Nemelex Xobeh
Okawaru
Qazlal
Ru
Sif Muna
Trog
Uskayaw
Vehumet
Wu Jian
Yredelemnul
Zin
The Shining One

Shops:
D (

Annotations:
D Sonja


Innate Abilities, Weirdness & Mutations

You reflexively headbutt those who attack you in melee.
You have a pair of horns on your head.


Message History

You feel drained.
* * * LOW HITPOINT WARNING * * *
Sonja barely misses you. Sonja closely misses you.
Sonja casts a spell.
Sonja blinks!
Firing (i - inventory)
d - 11 bolts (quivered)
Press: ? - help, Shift-Dir - straight line, f/p - Sonja
Aim: Sonja, wielding a +2 short sword of draining and quivering 4 curare-tipped darts (heavily wounded)
You shoot a bolt. The bolt misses Sonja.
* * * LOW HITPOINT WARNING * * *
You feel very sick. Sonja closely misses you. You furiously retaliate!
You headbutt Sonja. Sonja hits you but does no damage.
You feel drained. Sonja hits you but does no damage.
You feel drained.
Sonja says, "Someone hired me to kill you, but I'm not supposed to say who."
Sonja hits you but does no damage.
You feel drained.
Sonja hits you with a +2 short sword of draining.
* * * LOW HITPOINT WARNING * * *
You feel drained.
You die...

################
#<.#..').#.)'..#
#..[..#..'..#..+
#..#####'#####'#
#..####..#...#(#
#..#__####..##.#
#..#_____##'#_(+
#⌠⌠#_.∩...'†(§_#
####_..__##_@#+#
#_____###K#
####### #.# $($
$.$ ##(## #+#


You could see Sonja.

Vanquished Creatures
  Sigmund (D)
  A yak (D)
  An ogre (D)
  A jelly (D)
  Ijyb (D)
5 creatures vanquished.

Vanquished Creatures (others)
  A gargoyle (D)
1 creature vanquished.

Grand Total: 6 creatures vanquished

Notes
Turn   | Place    | Note
-------+----------+-------------------------------------------
     0 | D        | sahdkjhfkaj the Minotaur Hunter began the quest for the
                  | Orb.
     0 | D        | Reached XP level 1. HP: 18/18 MP: 0/0
     1 | D        | Noticed Ijyb
    11 | D        | Killed Ijyb
    11 | D        | Reached skill level 6 in Crossbows
    11 | D        | Reached XP level 2. HP: 20/27 MP: 1/1
   100 | D        | Noticed an ogre
   103 | D        | Killed an ogre
   103 | D        | Reached skill level 5 in Fighting
   103 | D        | Reached skill level 7 in Crossbows
   103 | D        | Reached XP level 3. HP: 20/36 MP: 2/2
   103 | D        | Reached XP level 4. HP: 23/42 MP: 3/3
   241 | D        | Noticed Sigmund
   258 | D        | Killed Sigmund
   258 | D        | Reached skill level 9 in Crossbows
   258 | D        | Reached XP level 5. HP: 38/52 MP: 4/4
   258 | D        | Reached XP level 6. HP: 44/60 MP: 5/5
   350 | D        | Found an ornate altar of the Wu Jian Council.
   350 | D        | Found a shimmering blue altar of Sif Muna.
   352 | D        | Found a radiant altar of Vehumet.
   376 | D        | Found Povvaf's Weapon Emporium.
   376 | D        | Found an ancient bone altar of Kikubaaqudgha.
   376 | D        | Found a hazy altar of Hepliaklqana.
   376 | D        | Found a stormy altar of Qazlal.
   376 | D        | Found a hide-covered altar of Uskayaw.
   376 | D        | Found a blossoming altar of Fedhas.
   376 | D        | Found a bloodstained altar of Trog.
   376 | D        | Found an iron altar of Okawaru.
   376 | D        | Found a basalt altar of Yredelemnul.
   376 | D        | Found a glowing golden altar of the Shining One.
   376 | D        | Found a snail-covered altar of Cheibriados.
   376 | D        | Found a sacrificial altar of Ru.
   376 | D        | Found a glowing silver altar of Zin.
   376 | D        | Found a shadowy altar of Dithmenos.
   376 | D        | Found a white marble altar of Elyvilon.
   376 | D        | Noticed a yak
   384 | D        | Killed a gargoyle
   387 | D        | Killed a yak
   387 | D        | Reached skill level 10 in Crossbows
   551 | D        | Found an opulent altar of Gozag.
   553 | D        | Found a sparkling altar of Nemelex Xobeh.
   563 | D        | Became a worshipper of Warmaster Okawaru
   571 | D        | Noticed Sonja
   576 | D        | HP: 1/61 [Sonja/+2 short sword of draining (3)]
   576 | D        | Slain by Sonja

Illustrated notes

Levels and vault maps discovered:
D:        dungeon_sprint_1 [red_sonja_temple_1, red_sonja_temple_small_1]

Skill      XL: |  1  2  3  4  5  6 |
---------------+-------------------+-----
Fighting       | 3 5 7 8 |  8.2
Crossbows      | 6 7 9 10 | 10.0
Armour         | 2 4 6 7 |  7.7
Dodging        | 3 4 6 8 |  8.5
Stealth        | |  0.7

Action                   |  1- 3 |  4- 6 || total
-------------------------+-------+-------++-------
Melee: Short sword       |       |     4 ||     4
 Fire: Hand crossbow     |    13 |    24 ||    37
  Use: Potion            |       |     1 ||     1
Armor: Leather armour    |     2 |       ||     2
       Scale mail        |       |     4 ||     4
Dodge: Dodged            |     6 |    20 ||    26

Table legend: (Time is in decaauts)
 A = Elapsed time spent in this place.
 B = Non-inter-level travel time spent in this place.
 C = Inter-level travel time spent in this place.
 D = Time resting spent in this place.
 E = Time spent auto-exploring this place.
 F = Levels seen in this place.
 G = Mean time per level.
                   A        B        C        D        E       F      G
               +--------+--------+--------+--------+--------+-----+--------+
         Total |    581 |    581 |      0 |    296 |    141 |   1 |  581.0 |
       Dungeon |    581 |    581 |      0 |    296 |    141 |   1 |  581.0 |
               +--------+--------+--------+--------+--------+-----+--------+

Top non-repeatable levels by time:
       D: 581 daAuts
